Map: Proxima Station LE

Players

Snute

  • Race: Zerg Zerg
  • Spawn Location: 7:00

Neeb - Winner!

  • Race: Protoss Protoss
  • Spawn Location: 1:00

Event: WCS Valencia 2017

VOD

Have the link to the VOD?

Description

Time

  • Played on: July 13, 2017, 1:02 p.m.
  • Length: 15:30

All games in this series

Show
View Real Time Build Order
Export as new Build Order

Snute Zerg 

Build Orders: Hatch First 

Get SALT Encoding   

  12  0:00  Drone  
  13  0:12  Overlord  
  13  0:17  Drone  
  14  0:31  Drone x2  
  14  0:34  Drone  
  17  0:51  Hatchery  
  17  0:55  Drone  
  17  0:57  Drone  
  17  1:01  Extractor  
  17  1:13  Spawning Pool  
  17  1:17  Drone  
  17  1:20  Drone  
  18  1:28  Drone  
  19  1:38  Overlord  
  19  1:49  Drone  
  20  2:00  Queen  
  20  2:01  Metabolic Boost  
  22  2:02  Drone  
  22  2:05  Queen  
  25  2:09  Drone  
  25  2:13  Drone  
  25  2:15  Drone  
  28  2:22  Drone  
  29  2:25  Drone  
  30  2:32  Drone  
  31  2:39  Hatchery  
  31  2:43  Overlord  
  30  2:45  Drone  
  30  2:50  Queen  
  33  2:53  Drone  
  33  2:55  Drone  
  33  2:58  Drone  
  36  3:04  Zergling x2  
  37  3:07  Zergling x2  
  37  3:09  Drone x2  
  37  3:10  Drone  
  41  3:12  Overlord  
  41  3:14  Drone  
  41  3:15  Drone  
  41  3:17  Drone  
  44  3:23  Overlord  
  44  3:35  Drone x2  
  44  3:38  Drone  
  44  3:40  Spore Crawler  
  45  3:42  Spore Crawler  
  45  3:43  Drone x4  
  45  3:44  Drone x3  
  51  3:52  Drone  
  51  3:55  Drone x2  
  54  4:00  Spore Crawler  
  54  4:02  Drone  
  54  4:07  Drone x2  
  54  4:18  Spore Crawler  
  54  4:19  Drone x4  
  54  4:20  Drone x2  
  54  4:22  Lair, Overlord  
  60  4:25  Evolution Chamber  
  60  4:26  Drone x2  
  60  4:27  Baneling Nest, Drone  
  60  4:30  Drone  
  62  4:31  Extractor  
  62  4:33  Extractor  
  62  4:34  Extractor, Drone x2  
  62  4:36  Drone x2  
  63  4:40  Drone x2  
  65  4:45  Drone  
  65  4:47  Extractor  
  65  4:50  Drone x2  
  66  4:53  Zerg Melee Weapons Level 1  
  66  4:56  Drone  
  66  4:59  Drone  
  68  5:02  Drone x2  
  68  5:03  Overlord  
  68  5:04  Zergling x4  
  71  5:25  Overlord  
  71  5:26  Centrifical Hooks  
  71  5:27  Drone x2  
  72  5:28  Zergling x2  
  72  5:29  Zergling x12, Hydralisk Den  
  72  5:31  Zergling x10  
  79  6:01  Hydralisk, Muscular Augments  
  79  6:03  Overlord x2  
  81  6:06  Hatchery  
  81  6:08  Drone x2, Overlord  
  81  6:11  Overlord  
  82  6:12  Overlord x2  
  82  6:15  Overlord  
  82  6:22  Hatchery, Hydralisk  
  82  6:23  Hydralisk x4  
  91  6:26  Hydralisk  
  91  6:27  Hydralisk  
  91  6:31  Hydralisk x2  
  99  6:34  Hydralisk  
  101  6:44  Hydralisk x2  
  101  6:45  Hydralisk x2  
  109  6:53  Hydralisk x4  
  117  6:56  Hydralisk  
  117  6:57  Hydralisk  
  118  7:15  Zergling x2  
  118  7:16  Zergling x18  
  125  7:23  Hydralisk x2  
  129  7:30  Hydralisk x3  
  129  7:35  Baneling  
  129  7:36  Baneling x7  
  134  7:43  Hydralisk  
  134  7:44  Hydralisk  
  134  7:47  Baneling x2  
  134  7:48  Baneling  
  138  7:55  Zergling x2  
  138  7:56  Zergling x12  
  141  8:03  Zergling x12  
  126  8:13  Zergling x16  
  116  8:24  Hydralisk  
  116  8:25  Hydralisk x3  
  115  8:30  Zergling x2  
  115  8:31  Zergling x10  
  108  8:39  Hydralisk x3  
  92  8:45  Drone x5  
  91  8:48  Hydralisk  
  91  8:49  Hydralisk  
  91  8:55  Baneling x5  
  91  9:04  Baneling x2  
  91  9:06  Zergling x12  
  91  9:07  Queen  
  99  9:12  Zergling x2  
  99  9:13  Zergling x6  
  103  9:17  Hydralisk  
  105  9:27  Hydralisk  
  105  9:30  Zergling x2  
  105  9:31  Zergling x14  
  106  9:37  Hydralisk  
  96  9:44  Zergling x8  
  94  9:48  Drone  
  94  9:49  Queen  
  94  9:50  Queen  
  99  9:56  Zergling x8  
  103  10:04  Hydralisk x3  
  109  10:10  Drone x3  
  109  10:11  Drone  
  109  10:12  Drone x2  
  109  10:13  Queen  
  117  10:14  Queen  
  117  10:15  Drone  
  117  10:18  Hydralisk x2  
  124  10:24  Drone x6  
  130  10:34  Hydralisk  
  130  10:35  Hydralisk x3  
  138  10:42  Zergling x4  
  139  10:49  Zergling x2  
  137  10:50  Zergling x6  
  130  10:58  Hydralisk x2  
  130  10:59  Hydralisk x5  
  138  11:09  Zergling x4  
  138  11:10  Zergling x2  
  141  11:11  Overlord x2  
  141  11:25  Queen  
  139  11:29  Hydralisk  
  139  11:30  Hydralisk x8  
  156  11:41  Zergling x2  
  156  11:42  Zergling x2  
  148  11:55  Zergling x20  
  158  12:02  Hatchery  
  158  12:07  Baneling  
  158  12:08  Baneling x13  
  156  12:10  Overlord x3  
  156  12:11  Zerg Melee Weapons Level 2  
  156  12:15  Overlord  
  156  12:16  Overlord  
  156  12:19  Baneling  
  156  12:20  Baneling x3  
  156  12:26  Infestation Pit, Zergling x6  
  157  12:37  Zergling x2  
  157  12:38  Zergling x34  
  175  12:46  Extractor  
  175  12:48  Zergling x12  
  180  12:51  Queen  
  180  12:56  Zergling x6  
  183  13:11  Zergling x2  
  183  13:12  Zergling x32  
  164  13:24  Hydralisk x8  
  169  13:32  Hydralisk x5  
  167  13:39  Hydralisk x8  
  176  13:45  Zergling x6  
  166  13:51  Zergling x2  
  166  13:52  Zergling x8  
  168  14:01  Hydralisk x4  
  168  14:19  Overseer x2, Hatchery  
  168  14:20  Overseer  
  168  14:21  Overseer  
  167  14:30  Zergling x18  
  176  14:31  Overseer  
  163  14:54  Hatchery  
  163  14:59  Zergling x16  
  158  15:12  Zergling x2  
  158  15:13  Zergling x12  
Show
View Real Time Build Order
Export as new Build Order

Neeb Protoss - Winner!

Build Orders: Nexus First, Oracle Opening 

Get SALT Encoding   

  12  0:00  Probe (Chrono Boost)  
  13  0:11  Probe (Chrono Boost)  
  14  0:17  Pylon  
  14  0:22  Probe (Chrono Boost)  
  15  0:36  Probe (Chrono Boost)  
  16  0:46  Probe (Chrono Boost)  
  17  0:57  Nexus  
  17  1:08  Gateway  
  17  1:11  Probe (Chrono Boost)  
  17  1:17  Assimilator  
  18  1:22  Probe (Chrono Boost)  
  18  1:25  Assimilator  
  20  1:33  Probe (Chrono Boost)  
  20  1:36  Pylon  
  20  1:43  Probe (Chrono Boost)  
  21  1:54  Probe (Chrono Boost)  
  22  1:55  Cybernetics Core  
  22  2:04  Probe (Chrono Boost)  
  23  2:10  Probe (Chrono Boost)  
  23  2:15  Probe (Chrono Boost)  
  25  2:20  Probe (Chrono Boost)  
  26  2:25  Probe (Chrono Boost)  
  26  2:29  Probe (Chrono Boost)  
  27  2:31  Stargate  
  27  2:32  Adept (Chrono Boost)  
  27  2:33  Warp Gate (Chrono Boost)  
  27  2:36  Probe  
  31  2:39  Probe  
  32  2:48  Probe  
  32  2:50  Probe  
  33  2:56  Adept (Chrono Boost)  
  36  3:00  Probe x2  
  38  3:11  Probe, Pylon  
  39  3:12  Probe  
  39  3:13  Oracle (Chrono Boost)  
  43  3:20  Adept  
  43  3:21  Probe  
  43  3:26  Pylon  
  46  3:29  Probe, Gateway  
  47  3:35  Probe  
  47  3:37  Gateway  
  46  3:41  Probe  
  46  3:42  Assimilator  
  46  3:43  Oracle (Chrono Boost)  
  46  3:45  Probe  
  51  3:53  Probe  
  52  3:57  Probe  
  52  3:58  Pylon  
  53  4:06  Nexus  
  53  4:09  Probe x2  
  55  4:16  Oracle  
  55  4:21  Probe (Chrono Boost)  
  55  4:22  Probe (Chrono Boost)  
  60  4:25  Assimilator  
  60  4:32  Adept x2  
  60  4:33  Mothership Core (Chrono Boost)  
  60  4:35  Pylon, Probe (Chrono Boost)  
  67  4:47  Probe (Chrono Boost)  
  67  4:48  Pylon  
  67  4:50  Robotics Facility  
  67  4:51  Probe (Chrono Boost)  
  69  4:55  Adept  
  69  4:56  Adept x2  
  69  4:59  Phoenix  
  76  5:00  Probe (Chrono Boost)  
  78  5:10  Probe (Chrono Boost)  
  78  5:12  Probe (Chrono Boost)  
  80  5:19  Probe (Chrono Boost)  
  80  5:20  Assimilator  
  80  5:21  Probe (Chrono Boost)  
  82  5:24  Probe (Chrono Boost)  
  82  5:25  Assimilator  
  82  5:28  Twilight Council  
  83  5:30  Forge  
  83  5:31  Probe x2 (Chrono Boost)  
  83  5:35  Probe (Chrono Boost)  
  86  5:37  Sentry x3  
  86  5:40  Probe  
  86  5:42  Probe  
  94  5:43  Warp Prism (Chrono Boost)  
  94  5:47  Probe  
  97  5:50  Probe  
  97  5:54  Probe  
  99  5:59  Probe  
  99  6:00  Gateway  
  99  6:01  Probe, Gateway  
  101  6:05  Gateway, Protoss Ground Weapons Level 1 (Chrono Boost)  
  101  6:07  Charge  
  101  6:11  Pylon x2  
  101  6:12  Pylon  
  101  6:24  Immortal (Chrono Boost)  
  101  6:29  Pylon, Probe x3  
  101  6:30  Pylon  
  101  6:32  Templar Archives  
  108  6:40  Gateway  
  108  6:42  Gateway  
  108  6:58  Immortal  
  108  6:59  Psionic Storm  
  112  7:10  High Templar x2  
  112  7:12  High Templar  
  118  7:24  Probe x2  
  116  7:32  Immortal  
  116  7:33  Pylon x2  
  116  7:34  Pylon, High Templar x2  
  116  7:35  Zealot, Nexus  
  122  7:39  Pylon  
  122  7:41  Pylon  
  122  7:42  Protoss Ground Weapons Level 2  
  126  7:48  Zealot x4  
  126  7:49  Zealot  
  136  7:51  Mothership Core  
  134  7:59  Pylon  
  134  8:01  Gateway  
  134  8:02  Gateway  
  128  8:06  Immortal  
  123  8:13  Zealot x3, High Templar x2  
  123  8:17  Archon  
  109  8:28  Probe  
  109  8:29  Probe  
  109  8:30  Probe  
  96  8:35  Zealot x4  
  96  8:39  Archon  
  96  8:40  Probe  
  96  8:41  Immortal  
  85  8:42  Probe x2  
  91  8:49  Assimilator  
  91  8:51  High Templar x2  
  91  8:52  Probe  
  96  8:55  Probe  
  96  8:59  Mothership Core  
  96  9:00  Zealot x5, High Templar  
  96  9:01  Probe  
  112  9:05  Probe  
  112  9:08  Probe  
  114  9:15  Pylon  
  112  9:17  Immortal  
  112  9:18  Pylon, Probe  
  112  9:20  Probe  
  118  9:27  Zealot x4  
  118  9:28  Zealot x3  
  130  9:35  Probe  
  130  9:36  Probe  
  130  9:37  Probe x2  
  122  9:46  High Templar  
  122  9:48  Pylon, Protoss Ground Weapons Level 3  
  122  9:50  Assimilator  
  122  9:51  Assimilator  
  122  9:52  Sentry, Robotics Facility, High Templar x2  
  130  9:53  Zealot, Warp Prism  
  130  9:54  Zealot  
  130  9:57  High Templar  
  130  9:59  Probe  
  139  10:03  Probe  
  139  10:04  Pylon  
  140  10:14  Pylon  
  140  10:18  Zealot x2  
  140  10:19  Zealot  
  146  10:24  Photon Cannon  
  146  10:28  Immortal  
  146  10:34  High Templar x2  
  154  10:37  Zealot x3  
  154  10:40  Archon  
  153  10:43  Probe x2  
  153  10:46  Probe  
  153  10:47  Probe  
  147  10:53  Immortal  
  147  10:55  Probe  
  130  11:03  Probe, High Templar x2  
  130  11:04  High Templar x2  
  137  11:07  Archon x2  
  137  11:10  Zealot x2  
  141  11:12  Zealot, Photon Cannon, Immortal  
  143  11:32  Warp Prism  
  143  11:33  High Templar  
  143  11:34  High Templar  
  143  11:35  Sentry x2  
  143  11:36  Zealot x2  
  143  11:39  Archon  
  155  11:46  Immortal  
  155  11:51  Photon Cannon  
  155  11:53  Pylon  
  157  11:54  Fleet Beacon  
  157  11:58  Photon Cannon  
  153  12:09  High Templar x2  
  153  12:13  Archon  
  157  12:17  Probe x2  
  157  12:21  Immortal  
  157  12:22  High Templar x2  
  167  12:23  Zealot x4  
  167  12:25  Nexus  
  167  12:26  Pylon  
  167  12:27  Archon  
  175  12:33  Immortal  
  175  12:48  Photon Cannon  
  181  12:58  Zealot x4  
  181  13:01  Zealot x3  
  180  13:18  Immortal  
  180  13:19  Archon  
  166  13:23  Immortal  
  166  13:26  Zealot x5  
  166  13:34  Zealot x3  
  144  13:52  Immortal  
  136  13:58  Nexus  
  136  14:02  High Templar x4  
  138  14:03  High Templar x4  
  138  14:06  Archon  
  138  14:07  Archon x3  
  148  14:11  Pylon  
  148  14:23  Immortal  
  152  14:31  Observer  
  152  14:37  Zealot x7  
  163  14:48  Immortal  
  155  15:02  Zealot x6  
  139  15:18  Zealot x2  
  129  15:24  High Templar x5  
  129  15:25  High Templar  
Tags
 
Add a new tag
Caveats
  • Supply blocks, unpowered buildings, or Contaminate may cause inaccurate times.
  • Supply counts are checked every 10 seconds.